 Dungeon Crawl Stone Soup version 0.29.1-15-g9cfb28693d (webtiles) character file.

Game seed: 9119906376555040870

20 H0rd4k the Charlatan (level 3, 0/26 HPs)
             Began as a Human Artificer on Apr 18, 2023.
             Succumbed to an adder's poison
             ... on level 2 of the Dungeon.
             The game lasted 00:01:00 (1569 turns).

H0rd4k the Charlatan (Human Artificer)              Turns: 1569, Time: 00:01:01

Health: 0/26       AC:  3    Str: 12    XL:     3   Next: 0%
Magic:  3/3        EV:  8    Int: 13    God:
Gold:   32         SH:  0    Dex: 13    Spells: 2/2 levels left

rFire   . . .      SeeInvis .   a - +0 club
rCold   . . .      Faith    .   (no shield)
rNeg    . . .      Spirit   .   b - +0 leather armour
rPois   .          Reflect  .   (no helmet)
rElec   .          Harm     .   (no cloak)
rCorr   .          Rampage  .   (no gloves)
Will    .....                   (no boots)
Stlth   +.........              (no amulet)
HPRegen 0.08/turn               (no ring)
MPRegen 0.08/turn               (no ring)

@: lethally poisoned (0 -> -1), hasted, constricted, very quick
A: no striking features
a: no special abilities


You were on level 2 of the Dungeon.
You visited 1 branch of the dungeon, and saw 2 of its levels.

You collected 32 gold pieces.

Inventory:

Hand Weapons
 a - a +0 club (weapon)
Missiles
 j - 5 poisoned darts
Armour
 b - a +0 leather armour (worn)
Magical Staves
 h - a staff of fire
Jewellery
 i - a ring of magical power
Wands
 c - a wand of flame (15) (quivered)
 d - a wand of charming (13)
 e - a wand of iceblast (3)
Scrolls
 g - 2 scrolls of teleportation {unknown}
Potions
 k - a potion of heal wounds {unknown}


   Skills:
 + Level 1.0 Fighting
 - Level 2.0 Armour
 + Level 1.4 Dodging
 + Level 1.0 Stealth
 + Level 3.7 Evocations


You had 2 spell levels left.
You didn't know any spells.
Your spell library was empty.

Dungeon Overview and Level Annotations

Branches:
Dungeon (2/15)

Altars:


Message History

The adder bites you.
You hit the adder.
The adder is lightly wounded.
The adder bites you but does no damage. The adder bites you.
You are poisoned.
The adder poisons you!
You open the door.
You feel sick. The adder barely misses you.
You feel sick.
There is an open door here.
You feel sick. The adder bites you.
You completely miss the adder.
The adder is lightly wounded.
You feel sick.
The ball python hisses angrily.
The adder bites you but does no damage.
You miss the adder.
The adder is lightly wounded.
You feel sick.
You are no longer poisoned.
The adder bites you. The adder closely misses you.
You hit the adder.
The adder is heavily wounded.
The adder bites you. x2
You are poisoned.
The adder poisons you!
You hit the adder.
The adder is severely wounded.
You feel sick. The adder bites you. x2
* * * LOW HITPOINT WARNING * * *
You closely miss the adder.
The adder is severely wounded.
You feel sick.
The ball python bites you but does no damage.
The ball python barely misses you. The adder misses you.
The ball python bites you.
* * * LOW HITPOINT WARNING * * *
The ball python grabs you. The ball python constricts you.
* * * LOW HITPOINT WARNING * * *
It was a potion of haste.
You feel yourself speed up.
You die...

# #............
#.#####........
#.....'........
#..####........
#..##.'.......(
#..##.#.......#
#..##+#.......#
##..#..........#
#..@#..........#
#..SS...........
#...#...#.######
#.........#
#.#....####
#.......
###......
........
##........


You could see an adder and a ball python.

Vanquished Creatures
  A dart slug (D:1)
  2 bats (D:1)
  3 endoplasms (D:1)
  A hobgoblin (D:1)
  4 kobolds (D:1)
  A quokka (D:1)
  4 frilled lizards (D:1)
  2 rats (D:1)
18 creatures vanquished.

Vanquished Creatures (others)
  A frilled lizard (D:1)
  A goblin (D:1)
2 creatures vanquished.

Grand Total: 20 creatures vanquished

Notes
Turn   | Place    | Note
-------+----------+-------------------------------------------
     0 | D:1      | H0rd4k the Human Artificer began the quest for the Orb.
     0 | D:1      | Reached XP level 1. HP: 15/15 MP: 1/1
   303 | D:1      | Reached XP level 2. HP: 10/21 MP: 2/2
   535 | D:1      | Found a faded altar of an unknown god.
  1245 | D:1      | Reached XP level 3. HP: 23/26 MP: 3/3
  1568 | D:2      | HP: 1/26 [constriction (1)]
  1569 | D:2      | Succumbed to an adder's poison

Illustrated notes

Levels and vault maps discovered:
D:1:      dpeg_arrival_boxorama, layout_basic, ebering_ecumenical_altar_rust
D:2:      layout_basic

Action                   || total
-------------------------++-------
Melee: Club              ||    88
       Punch             ||     1
Evoke: Wand              ||     4
  Use: Potion            ||     1
Armor: Leather armour    ||    37
Dodge: Dodged            ||    86
